 Dungeon Crawl Stone Soup version 0.16.0-11-gd45b091 (console) character file.

30 gw the Caller (level 3, -2/20 HPs)
             Began as a Tengu Summoner on Mar 18, 2015.
             Slain by a giant gecko (3 damage)
             ... on level 2 of the Dungeon.
             The game lasted 00:01:29 (2059 turns).

gw the Caller (Tengu Summoner)                      Turns: 2059, Time: 00:01:29

Health: -2/20      AC:  3    Str:  8    XL:     3   Next: 20%
Magic:  0/7        EV: 12    Int: 15    God:
Gold:   82         SH:  0    Dex: 15    Spells: 1 memorised, 5 levels left

rFire  . . .     SeeInvis .     b - -3 flail (curse)
rCold  . . .     Clarity  .     d - +0 leather armour
rNeg   . . .     SustAb   .     (no shield)
rPois  .         Gourm    .     (helmet restricted)
rElec  .         Spirit   .     (no cloak)
rCorr  .         Warding  .     (no gloves)
rMut   .         Stasis   .     (boots unavailable)
MR     .....                    (no amulet)
Stlth  ++........               (no ring)
                                (no ring)

@: not resistant to hostile enchantments, unstealthy
A: beak, talons 3
a: no special abilities


You were on level 2 of the Dungeon.
You were not hungry.

You visited 1 branch of the dungeon, and saw 2 of its levels.

You collected 82 gold pieces.

Inventory:

Hand weapons
 b - a cursed -3 flail (weapon)
Missiles
 a - 6 stones (quivered)
 f - 5 poisoned needles
Armour
 d - a +0 leather armour (worn)
Scrolls
 e - a scroll of teleportation {unknown}
Potions
 g - a potion of haste
 l - a potion of curing
Books
 c - a book of Callings

   Spells                             Type                      Level
   a - Summon Small Mammal            Summoning                    1
   b - Call Imp                       Summoning                    2
   c - Call Canine Familiar           Summoning                    3
   d - Summon Guardian Golem          Hexes/Summoning              4
   e - Summon Lightning Spire         Summoning/Air                4
   f - Summon Ice Beast               Ice/Summoning                4


   Skills:
 + Level 1.1 Fighting
 * Level 1.0 Maces & Flails
 + Level 0.9 Throwing
 + Level 3.0 Dodging
 - Level 2.0 Stealth
 - Level 2.0 Spellcasting
 - Level 4.8 Summonings


You had 5 spell levels left.
You knew the following spells:

 Your Spells              Type           Power        Failure   Level  Hunger
a - Summon Small Mammal   Summ           ###.         6%          1    #......


Dungeon Overview and Level Annotations

Branches:
Dungeon (2/15)

Altars:


Innate Abilities, Weirdness & Mutations

You have a beak for a mouth.
You have claws for feet.


Message History

Unknown command.
Unknown command.
Unknown command.
Unknown command.
Casting: Summon Small Mammal
Confirm with . or Enter, or press ? or * to list all spells.
The giant gecko closely misses you.
You aren't carrying any food.
Your bat closely misses the giant gecko.
The giant gecko bites you.
The giant gecko bites you but does no damage.
There isn't anything to butcher here.
Unknown command.
Unknown command.
Unknown command.
ATTACKING (0,1)
You miss the giant gecko.
The giant gecko is heavily wounded.
Your bat barely misses the giant gecko.
The giant gecko bites you.
You die...

#.# #r# #.# ##r## #.#
##...## #.### ##r....#
#.#.## ##ยค......
.#######....####........
........r.......'........
######br...####........
#Q##.## ##....... #l####
##.....# #.# ##...# #b#
#+# #.# #.# #.# #.# #..


You could see a giant gecko, 2 friendly quokkas and 2 friendly bats.

Table legend:
 A = Turns spent in this place as a percentage of turns spent in the entire game.
 B = Non-inter-level travel turns spent in this place as a percentage of non-inter-level travel turns spent in the entire game.
 C = Inter-level travel turns spent in this place as a percentage of turns spent in this place.
 D = Turns resting spent in this place as a percentage of non-inter-level travel turns spent in this place.
 E = Turns spent auto-exploring this place as a percentage of non-inter-level travel turns spent in this place.
 F = Non-inter-level travel turns spent in this place divided by the number of levels of this place that you've seen.
                   A       B       C       D       E      F
               +-------+-------+-------+-------+-------+----------------------
         Total | 100.0 | 100.0 |   0.1 |   2.2 |   1.8 | 1438.5
       Dungeon | 100.0 | 100.0 |   0.1 |   2.2 |   1.8 | 1438.5
               +-------+-------+-------+-------+-------+----------------------

Table legend:
 A = Kills in this place as a percentage of kills in entire the game.
 B = Kills by you in this place as a percentage of kills by you in the entire game.
 C = Kills by friends in this place as a percentage of kills by friends in the entire game.
 D = Other kills in this place as a percentage of other kills in the entire game.
 E = Experience gained in this place as a percentage of experience gained in the entire game.
 F = Experience gained in this place divided by the number of levels of this place that you have seen.
                   A       B       C       D       E      F
               +-------+-------+-------+-------+-------+----------------------
         Total | 100.0 | 100.0 | 100.0 |  -nan | 100.0 |  22.0
       Dungeon | 100.0 | 100.0 | 100.0 |  -nan | 100.0 |  22.0
               +-------+-------+-------+-------+-------+----------------------

Vanquished Creatures
  3 bats (D:1)
  2 hobgoblins
  A giant newt (D:1)
  A kobold (D:1)
7 creatures vanquished.

Vanquished Creatures (collateral kills)
  An adder (D:1)
  2 giant cockroaches (D:1)
  6 goblins (D:1)
  2 hobgoblins
  5 kobolds
  A ball python (D:1)
  4 bats (D:1)
  2 giant newts (D:1)
  6 rats (D:1)
29 creatures vanquished.

Vanquished Creatures (others)
  A quokka (D:1)
  4 bats (D:1)
  15 rats
20 creatures vanquished.

Grand Total: 56 creatures vanquished

Notes
Turn   | Place    | Note
--------------------------------------------------------------
     0 | D:1      | gw, the Tengu Summoner, began the quest for the Orb.
     0 | D:1      | Reached XP level 1. HP: 10/10 MP: 3/3
   465 | D:1      | Reached XP level 2. HP: 13/16 MP: 0/5
   923 | D:1      | Reached skill level 1 in Fighting
  1260 | D:1      | Reached XP level 3. HP: 20/20 MP: 0/7
  1525 | D:1      | Reached skill level 1 in Maces & Flails
  2058 | D:2      | HP: 1/20 [giant gecko (1)]
  2059 | D:2      | Slain by a giant gecko

Action                   || total
-------------------------++-------
Melee: Unarmed           ||     1
       Club              ||    21
       Whip              ||     5
       Flail             ||     5
Throw: Stone             ||     2
 Cast: Summon Small Mamm ||    99
  Use: Scroll            ||     4
       Potion            ||     4
  Eat: Bread ration      ||     1
       Chunk             ||     1

Vault maps used:
D:1:      onia_arrival_handbag, st_stairs_1, minmay_vboxes
D:2:      lemuel_blue_sif_altar, minmay_misc_feat_x, corexii_leaking_fountain
